 Dungeon Crawl Stone Soup version 0.27.1-35-g4d5d836560 (webtiles) character file.

Game seed: 10697964846114723383

18288 cbfl8 the Protected (level 12, -5/103 HPs)
             Began as a Minotaur Delver on Mar 19, 2022.
             Was an Elder of Yredelemnul.
             Slain by a black mamba (6 damage)
             ... on level 4 of the Lair of Beasts.
             The game lasted 00:26:22 (15313 turns).

cbfl8 the Protected (Minotaur Delver)              Turns: 15313, Time: 00:26:23

Health: -5/103     AC: 21    Str: 20    XL:     12   Next: 26%
Magic:  16/16      EV: 11    Int: 13    God:    Yredelemnul [****..]
Gold:   789        SH: 11    Dex: 17    Spells: 11/11 levels left

rFire    + . .     SeeInvis .   E - +5 spear of Irrepressible Laughter {elec, rF+ Dex+3 Stlth-}
rCold    . . .     Faith    .   z - +0 kite shield
rNeg     . . .     Spirit   .   o - +0 plate armour
rPois    .         Reflect  .   (helmet restricted)
rElec    .         Harm     .   H - +0 cloak
rCorr    .         Rampage  .   F - +0 pair of gloves
Will     .....                  d - +1 pair of boots
Stlth    ..........             (no amulet)
HPRegen  0.27/turn              l - +6 ring of intelligence
MPRegen  0.15/turn              v - +4 ring of evasion

@: mighty, lethally poisoned (-5 -> -15)
A: horns 2, retaliatory headbutt
a: Renounce Religion, Recall Undead Slaves, Injury Mirror, Animate Dead, Drain
Life


You were on level 4 of the Lair of Beasts.
You worshipped Yredelemnul.
Yredelemnul was greatly pleased with you.
You visited 2 branches of the dungeon, and saw 12 of its levels.

You collected 839 gold pieces.
You spent 50 gold pieces at shops.

Inventory:

Hand Weapons
 a - a +0 hand axe
 h - the +9 short sword "Piaquza" {vorpal, rN+ Int+4}
   (You found it on level 5 of the Dungeon)

   It inflicts extra damage upon your enemies.
   Int:       It affects your intelligence (+4).
   rN:        It protects you from negative energy.
 A - the +2 trident "Vozior" {vamp, rC+ MP+9}
   (You found it on level 6 of the Dungeon)

   It occasionally heals its wielder for a portion of the damage dealt when it
   wounds a living foe.
   rC:        It protects you from cold.
   MP:        It affects your magic capacity (+9).
 E - the +5 spear of Irrepressible Laughter (weapon) {elec, rF+ Dex+3 Stlth-}
   (You found it on level 7 of the Dungeon)

   It occasionally discharges a powerful burst of electricity upon striking a
   foe.
   Dex:       It affects your dexterity (+3).
   rF:        It protects you from fire.
   Stlth:     It makes you less stealthy.
Missiles
 t - 8 throwing nets (quivered)
Armour
 b - a +0 leather armour
 d - a +1 pair of boots (worn)
 j - a +2 scale mail of cold resistance
 o - a +0 plate armour (worn)
 q - a +0 pair of boots
 z - a +0 kite shield (worn)
 F - a +0 pair of gloves (worn)
 H - a +0 cloak (worn)
 L - a +2 buckler
Jewellery
 l - a +6 ring of intelligence (left hand)
 v - a +4 ring of evasion (right hand)
 C - a +4 ring of protection
 M - a ring of flight
Wands
 g - a wand of digging (3)
 k - a wand of polymorph (4)
 J - a wand of flame (18)
Scrolls
 c - 2 scrolls of fog
 e - a scroll of fear
 i - 3 scrolls of amnesia
 m - 3 scrolls of noise {unknown}
 p - 2 scrolls of summoning {unknown}
 r - 2 scrolls of teleportation
 w - 6 scrolls of identify
 y - a scroll of holy word {unknown}
 G - a scroll of enchant weapon {unknown}
 I - a scroll of enchant armour {unknown}
Potions
 f - a potion of might
 n - 2 potions of lignification {unknown}
 s - 3 potions of haste
 x - 2 potions of flight {unknown}
 B - a potion of berserk rage {unknown}
 D - a potion of degeneration {unknown}
Miscellaneous
 N - a phantom mirror


   Skills:
 + Level 8.7 Fighting
 + Level 5.4 Short Blades
 + Level 2.9(6.7) Axes
 + Level 9.5(9.7) Polearms
 + Level 12.1 Armour
 + Level 5.3 Dodging
 + Level 7.6 Stealth
 + Level 7.9 Shields
 * Level 7.9 Invocations


You had 11 spell levels left.
You didn't know any spells.
Your spell library contained the following spells:

 Spells                   Type           Power      Damage    Failure   Level
 Corpse Rot               Necr/Air       N/A        N/A       100%        2
 Poisonous Vapours        Pois/Air       0%         N/A       100%        2
 Sublimation of Blood     Necr           0%         N/A       100%        2
 Gell's Gravitas          Tloc           0%         N/A       100%        3
 Portal Projectile        Hex/Tloc       0%         N/A       100%        3
 Teleport Other           Tloc           0%         N/A       100%        3
 Petrify                  Tmut/Erth      0%         N/A       100%        4
 Blade Hands              Tmut           0%         N/A       100%        5
 Excruciating Wounds      Necr           0%         N/A       100%        5
 Fireball                 Conj/Fire      0%         3d3       100%        5
 Freezing Cloud           Conj/Ice/Air   0%         6-21      100%        5
 Irradiate                Conj/Tmut      0%         3d14      100%        5
 Iskenderun's Battlesphe  Conj           0%         2d6       100%        5
 Conjure Ball Lightning   Conj/Air       0%         3x3d6     100%        6
 Dispersal                Tloc           0%         N/A       100%        6
 Orb of Destruction       Conj           0%         N/A       100%        7


Dungeon Overview and Level Annotations

Branches:
Dungeon (8/15)             Temple (0/1) D:5            Lair (4/6) D:8
  Snake (0/4) Lair:4
  Swamp: Lair:2-4    Shoals: Lair:2-4

Altars:
Cheibriados
Gozag
Hepliaklqana
Nemelex Xobeh
Qazlal
Sif Muna
Uskayaw
Wu Jian
Xom
Yredelemnul
Zin
The Shining One

Shops:
D:1 *   D:3 ?

Annotations:
Lair:1 1 runed translucent door, Kazon's ghost, journeyman DDFi


Innate Abilities, Weirdness & Mutations

You have a pair of horns on your head.
You reflexively headbutt those who attack you in melee.


Message History

You hit the naga.
You kill the naga!
Yredelemnul accepts your kill.
You feel sick.
You feel sick.
You now have 789 gold pieces (gained 13).
Things that are here:
a +0 long sword; a naga corpse You feel sick.
You feel sick.
You feel sick.
You start resting.
You feel sick.
You are no longer poisoned.
You start resting.
A black mamba is nearby!
A black mamba is nearby!
A black mamba is nearby!
The black mamba hisses angrily.
Things that are here:
a +0 long sword; a naga corpse You feel better.
You block the black mamba's attack. The black mamba bites you.
* * * LOW HITPOINT WARNING * * *
You feel very mighty all of a sudden. The black mamba bites you.
* * * LOW HITPOINT WARNING * * *
You block the black mamba's attack. You block the black mamba's attack.
The black mamba bites you.
* * * LOW HITPOINT WARNING * * *
You are lethally poisoned!
The black mamba poisons you!
You closely miss the black mamba. Your headbutt misses the black mamba.
* * * LOW HITPOINT WARNING * * *
You feel very sick. You block the black mamba's attack.
You closely miss the black mamba. You headbutt the black mamba.
The black mamba is lightly wounded.
* * * LOW HITPOINT WARNING * * *
You feel sick. You block the black mamba's attack. The black mamba bites you.
You die...
Your body rises from the dead as a mindless zombie.

##≈≈≈...........##.......##
##≈≈...........#.#........
#≈≈............##........
#≈≈...........###........
#≈≈...........###........
#≈≈≈≈#...#.#........#####
#≈≈≈###....##........# #
≈≈≈≈# ##..S###........#
≈≈≈# #...@.##^.......# ..
##..#.##........#
####.#...........
##.............
#..............#
#........$.....# .... .....
..## .....#


You could see a black mamba.

Vanquished Creatures
  2 hydras
  Harold (D:8)
  A boulder beetle (Lair:1)
  A death yak (Lair:2)
  An oklob plant (Lair:1)
  4 elephants (Lair:4)
  2 black mambas
  6 cane toads
  A torpor snail (Lair:4)
  A rime drake (Lair:3)
  Maggie (D:8)
  A komodo dragon (Lair:2)
  2 blink frogs (Lair:2)
  2 dream sheep (Lair:2)
  A steam dragon (Lair:3)
  A wyvern (D:8)
  4 yaks
  Grum (D:8)
  Menkaure (D:4)
  A naga (Lair:4)
  6 water moccasins
  A black bear (D:4)
  2 orc warriors (D:7)
  An ice beast (D:6)
  3 sky beasts
  A necrophage (D:6)
  3 ogres
  5 wolves
  A phantom (D:4)
  A gnoll sergeant (D:6)
  5 bullfrogs
  3 howler monkeys
  2 jellies
  2 orc priests (D:7)
  2 gnoll shamans
  A hound (D:4)
  3 iguanas
  A bullfrog skeleton (D:7)
  Natasha (twice) (D:2)
  6 orc wizards
  Terence (D:2)
  A killer bee zombie (D:7)
  Robin (D:2)
  A howler monkey zombie (D:5)
  17 gnolls
  5 adders
  2 shadow imps
  An adder skeleton (D:4)
  2 worms
  6 dart slugs
  8 orcs
  5 ball pythons
  4 bats
  7 endoplasms
  5 giant cockroaches
  13 goblins
  8 hobgoblins
  2 jackals (D:1)
  7 quokkas
  6 frilled lizards
  12 kobolds
  4 rats
204 creatures vanquished.

Vanquished Creatures (collateral kills)
  5 death yaks
  An elephant (Lair:4)
  A cane toad (Lair:2)
  A torpor snail (Lair:2)
  2 rime drakes
  4 komodo dragons
  A blink frog (Lair:2)
  A dream sheep (Lair:2)
  2 yaks
  3 water moccasins
  2 wolves
  A kobold brigand (D:8)
  2 scorpions
  2 bullfrogs
  An electric eel (Lair:4)
  A hound (D:5)
  A gnoll (D:6)
  A worm (D:5)
  An orc (D:7)
33 creatures vanquished.

Vanquished Creatures (others)
  A wight (Lair:1)
  A boulder beetle zombie (Lair:1)
  3 cane toad zombies
  2 black mamba zombies
  A dream sheep zombie (Lair:2)
  2 elephant zombies (Lair:4)
  3 water moccasin zombies
  2 yak zombies (Lair:4)
  A torpor snail zombie (Lair:2)
  A howler monkey zombie (D:7)
  An iguana zombie (D:6)
  3 orc zombies (D:8)
  A wolf skeleton (D:8)
  2 wolf zombies
  25 fungi
  25 plants
74 creatures vanquished.

Grand Total: 311 creatures vanquished

Notes
Turn   | Place    | Note
-------+----------+-------------------------------------------
     0 | D:5      | cbfl8 the Minotaur Delver began the quest for the Orb.
     0 | D:5      | Reached XP level 1. HP: 19/19 MP: 0/0
     9 | D:5      | Became a worshipper of Yredelemnul the Dark
    19 | D:5      | Identified the +9 short sword "Piaquza" {vorpal, rN+ Int+4}
    67 | D:5      | Reached XP level 2. HP: 27/27 MP: 1/1
   453 | D:4      | Noticed Menkaure
   455 | D:4      | Noticed a black bear
   465 | D:4      | Killed Menkaure
   466 | D:4      | Reached skill level 5 in Stealth
   466 | D:4      | Reached XP level 3. HP: 21/34 MP: 2/2
   466 | D:4      | Reached XP level 4. HP: 25/41 MP: 3/3
   472 | D:4      | Killed a black bear
   473 | D:4      | Reached skill level 1 in Armour
   473 | D:4      | Reached XP level 5. HP: 14/47 MP: 4/4
  1011 | D:4      | Noticed a phantom
  1024 | D:4      | Killed a phantom
  1025 | D:4      | Reached XP level 6. HP: 41/53 MP: 5/5
  1122 | D:4      | Reached skill level 5 in Fighting
  1230 | D:4      | Reached skill level 2 in Armour
  1633 | D:3      | Found a hazy altar of Hepliaklqana.
  1759 | D:3      | Found Nahomm's Magic Scroll Shoppe.
  1777 | D:3      | Bought a scroll of teleportation for 30 gold pieces
  1777 | D:3      | Bought a scroll of identify for 20 gold pieces
  2072 | D:3      | Found a glowing silver altar of Zin.
  2072 | D:3      | Found a snail-covered altar of Cheibriados.
  2361 | D:2      | Reached skill level 1 in Short Blades
  2495 | D:2      | Noticed Robin
  2517 | D:2      | Killed Robin
  2517 | D:2      | Reached * piety under Yredelemnul
  2518 | D:2      | Reached XP level 7. HP: 54/61 MP: 6/6
  2631 | D:2      | Noticed Terence
  2639 | D:2      | Killed Terence
  2640 | D:2      | Reached skill level 3 in Armour
  2886 | D:2      | Noticed Natasha
  2890 | D:2      | Killed Natasha
  2948 | D:2      | Noticed Natasha
  2955 | D:2      | Killed Natasha
  3382 | D:1      | Found Odaumpast's Assorted Antiques.
  3708 | D:1      | Reached ** piety under Yredelemnul
  3775 | D:1      | Found a faded altar of an unknown god.
  4105 | D:5      | Found a sparkling altar of Nemelex Xobeh.
  4120 | D:5      | Reached skill level 4 in Armour
  4366 | D:5      | Found a staircase to the Ecumenical Temple.
  4701 | D:6      | Reached XP level 8. HP: 64/70 MP: 7/7
  4757 | D:6      | Reached skill level 5 in Armour
  5247 | D:6      | Reached skill level 1 in Invocations
  5264 | D:6      | Reached skill level 5 in Short Blades
  5264 | D:6      | Reached skill level 6 in Armour
  5466 | D:6      | Found a stormy altar of Qazlal.
  5545 | D:6      | Identified the +2 trident "Vozior" {vamp, rC+ MP+9}
  5560 | D:6      | Found an ornate altar of the Wu Jian Council.
  6061 | D:7      | Reached *** piety under Yredelemnul
  6204 | D:7      | Reached skill level 7 in Armour
  6231 | D:7      | Identified the +5 spear of Irrepressible Laughter {elec,
                  | rF+ Dex+3 Stlth-}
  6410 | D:7      | Reached XP level 9. HP: 70/77 MP: 9/9
  6468 | D:7      | Found a hide-covered altar of Uskayaw.
  6710 | D:7      | Reached skill level 1 in Shields
  6712 | D:7      | Reached skill level 1 in Polearms
  6966 | D:7      | Found a shimmering altar of Xom.
  7146 | D:8      | Found a glowing golden altar of the Shining One.
  7146 | D:8      | Noticed Maggie
  7169 | D:8      | Killed Maggie
  7169 | D:8      | HP: 2/78 [orc warrior (14)]
  7682 | D:8      | Noticed Grum
  7704 | D:8      | Reached skill level 8 in Armour
  7718 | D:8      | Killed Grum
  7960 | D:8      | Received a gift from Yredelemnul (a wight)
  8065 | D:8      | Found a staircase to the Lair.
  8074 | Lair:1   | Entered Level 1 of the Lair of Beasts
  8074 | Lair:1   | Noticed a komodo dragon
  8087 | D:8      | Killed a komodo dragon
  8361 | D:8      | Noticed Harold
  8374 | D:8      | Killed Harold
  8375 | D:8      | Reached skill level 5 in Polearms
  8375 | D:8      | Reached XP level 10. HP: 51/86 MP: 11/11
  8690 | Lair:1   | Found a runed translucent door.
  8693 | Lair:1   | Noticed a cane toad
  8702 | Lair:1   | Killed a cane toad
  8872 | Lair:1   | Reached skill level 9 in Armour
  9187 | Lair:1   | Noticed a cane toad
  9196 | Lair:1   | Killed a cane toad
  9605 | Lair:1   | Noticed Kazon's ghost (journeyman DDFi)
  9637 | Lair:1   | Noticed an oklob plant
  9834 | Lair:2   | Noticed a torpor snail
  9844 | Lair:2   | Killed a torpor snail
  9845 | Lair:2   | Reached skill level 5 in Shields
  9856 | Lair:2   | Noticed a death yak
  9869 | Lair:2   | Killed a death yak
  9899 | Lair:2   | Noticed a boulder beetle
  9925 | Lair:1   | Killed a boulder beetle
 10068 | Lair:2   | Noticed a black mamba
 10074 | Lair:2   | Killed a black mamba
 10075 | Lair:2   | Reached skill level 5 in Invocations
 10196 | Lair:2   | Reached skill level 5 in Dodging
 10402 | Lair:2   | Noticed a cane toad
 10408 | Lair:2   | Killed a cane toad
 10409 | Lair:2   | Reached skill level 10 in Armour
 10441 | Lair:2   | Noticed a death yak
 10442 | Lair:2   | Noticed a death yak
 10444 | Lair:2   | Noticed a death yak
 10444 | Lair:2   | Noticed a death yak
 10448 | Lair:2   | Noticed a death yak
 10450 | Lair:2   | Killed a death yak
 10451 | Lair:2   | Reached XP level 11. HP: 93/93 MP: 14/14
 10457 | Lair:2   | Killed a death yak
 10833 | Lair:1   | Killed a death yak
 10838 | Lair:1   | Killed a death yak
 10841 | Lair:1   | Killed a death yak
 11510 | Lair:1   | Killed an oklob plant
 12663 | Lair:2   | Reached skill level 11 in Armour
 12831 | Lair:3   | Reached **** piety under Yredelemnul
 13427 | Lair:3   | Noticed a seven-headed hydra
 13438 | Lair:3   | Killed a seven-headed hydra
 14203 | Lair:4   | Reached XP level 12. HP: 46/103 MP: 16/16
 14467 | Lair:4   | Noticed a four-headed hydra
 14482 | Lair:4   | Killed a four-headed hydra
 14846 | Lair:4   | Reached skill level 12 in Armour
 15240 | Lair:4   | HP: 4/103 [torpor snail (6)]
 15243 | Lair:4   | Found a staircase to the Snake Pit.
 15312 | Lair:4   | HP: 3/103 [poisoned by a black mamba]
 15313 | Lair:4   | HP: 1/103 [poisoned by a black mamba]
 15313 | Lair:4   | Slain by a black mamba

Illustrated notes

Levels and vault maps discovered:
D:1:      onia_arrival_mini_spirals, layout_loops_ring, serial_shops,
          nicolae_square_shop, shapermc_ecumenical_altar_ellora,
          serial_bayou_pond_a, kennysheep_nondescript, minmay_misc_feat_columns
D:2:      cheibrodos_helix_gallery, layout_basic, uniq_natasha, uniq_robin,
          uniq_terence
D:3:      layout_rooms, mainiacjoe_overflow_chevrons,
          gammafunk_temple_overflow_wave, serial_shops, shop,
          serial_corexii_hall, corexii_hall_statues_s,
          chequers_hall_statues_wall_a, corexii_hall_statues_u,
          chequers_hall_statues_y
D:4:      layout_gridville, uniq_menkaure
D:5:      layout_loops_ring, nemelex_xobeh_ov_fountains_minmay,
          chequers_temple_overflow_statue_of_worship,
          minmay_temple_entry_stoned_glass, cheibrodos_sewer_entry_drain,
          serial_bayou_lagoon_b
D:6:      layout_basic, nzn_wu_jian_council_hall,
          mainiacjoe_overflow_cross_hatched
D:7:      layout_gridville, mainiacjoe_overflow_tiny_flanked, marbit_many_paths,
          solitary_fountain, lightli_minifort
D:8:      layout_cave_pools, lemuel_tele_altar, lair_entry_dummy, uniq_grum,
          uniq_harold, uniq_maggie
Lair:1:   layout_gridlike, ebering_ghost_reflecting_pool, minmay_holes,
          minmay_lair_oklob_chamber, grunt_megastairs_1
Lair:2:   layout_cave_shapes, st_stairs_8
Lair:3:   layout_roguey, grunt_megastairs_2
Lair:4:   layout_cellular_growth, minmay_shoals_entry_hut,
          minmay_snake_entry_guardpost_small

Skill      XL: |  1  2  3  4  5  6  7  8  9 10 11 12 |
---------------+-------------------------------------+-----
Fighting       | 4 5 6 7 8 |  8.7
Stealth        | 5 6 7 |  7.6
Armour         | 1 2 4 7 8 10 11 12 | 12.1
Dodging        | 3 4 5 |  5.3
Short Blades   | 1 4 5 |  5.4
Invocations    | 2 3 5 7 |  7.9
Shields        | 4 5 7 |  7.9
Polearms       | 5 7 9 |  9.5
Axes           | |  2.9

Action                   |  1- 3 |  4- 6 |  7- 9 | 10-12 || total
-------------------------+-------+-------+-------+-------++-------
Melee: Short sword       |     6 |    89 |   163 |       ||   258
       Headbutt          |     1 |    11 |    60 |    83 ||   155
       Spear             |       |       |   146 |   278 ||   424
Invok: Animate Remains   |       |       |     6 |       ||     6
       Animate Dead      |       |       |    10 |    22 ||    32
       Recall Undead Sla |       |       |       |     1 ||     1
       Drain Life        |       |       |       |     1 ||     1
  Use: Scroll            |     1 |     2 |     1 |     2 ||     6
       Potion            |     1 |       |     8 |     5 ||    14
 Stab: Sleeping          |     1 |     2 |     5 |       ||     8
       Distracted        |       |       |     1 |     6 ||     7
Armor: Leather armour    |       |    11 |       |       ||    11
       Scale mail        |       |    36 |   111 |       ||   147
       Plate armour      |       |       |    63 |   157 ||   220
Dodge: Dodged            |     4 |    59 |   171 |   120 ||   354
Block: Kite shield       |       |       |    99 |   180 ||   279
